 Dungeon Crawl Stone Soup version 0.18-a0-1789-gbeff17f (webtiles) character file.

1774323 grom234 the Slayer (level 27, 241/242 HPs)
             Began as a Formicid Fighter on Apr 20, 2016.
             Was the Champion of Okawaru.
             Escaped with the Orb
             ... and 3 runes on Apr 21, 2016!
             The game lasted 06:11:31 (65114 turns).

grom234 the Slayer (Formicid Fighter)              Turns: 65114, Time: 06:11:32

Health: 241/242    AC: 58    Str: 28    XL:     27
Magic:  35/35      EV: 17    Int:  6    God:    Okawaru [******]
Gold:   4916       SH: 22    Dex: 23    Spells: 0 memorised, 26 levels left

rFire  + + +     SeeInvis +     N - +9 executioner's axe "Tuhatec" {flame, rElec Int-4 Stlth+}
rCold  . . .     Gourm    .     J - +8 orange crystal plate armour {Archmagi, Int+3 Clar SustAt}
rNeg   + + +     Faith    .     t - +0 large shield "Faerysut" {rF- rN+++ Str-3 Dex+7}
rPois  +         Spirit   .     (helmet unavailable)
rElec  +         Dismiss  .     x - +5 cloak of the Peasants {Dex+8}
rCorr  .         Reflect  .     h - +0 pair of gloves of Devotion {rPois rF+ Str+2} (curse)
SustAt +         Harm     .     r - +2 pair of boots "Waik" {rElec Int-2 SInv Stlth+}
MR     +++..     Clarity  +     X - amulet "Asioxeq" {+Rage rPois rN+ MR+ Dex-3}
Stlth  ..........               S - ring of protection from fire
                                D - ring of protection from fire

@: extremely resistant to hostile enchantments, extremely unstealthy
A: permanent stasis, dig shafts and tunnels, four strong arms, antennae 3, rough
black scales 1, slimy green scales 2, agile 1, blurry vision 1, deterioration 2,
dopey 1, fire resistance 1, electricity resistance, weak 1, wild magic 1
a: Dig, Shaft Self, Heroism, Finesse, Renounce Religion
0: Orb of Zot
}: 3/15 runes: barnacled, silver, gossamer


You escaped.
You worshipped Okawaru.
Okawaru was exalted by your worship.
You were full.

You visited 9 branches of the dungeon, and saw 51 of its levels.
You visited the Abyss 1 time.
You also visited: Labyrinth, Ossuary, Bailey and Wizlab.

You collected 5934 gold pieces.
You spent 1002 gold pieces at shops.

Inventory:

Hand Weapons
 N - the +9 executioner's axe "Tuhatec" (weapon) {flame, rElec Int-4 Stlth+}
   (Okawaru gifted it to you on level 1 of the Depths)

   It has been specially enchanted to burn those struck by it, causing extra
   injury to most foes and up to half again as much damage against particularly
   susceptible opponents.
   Big, fiery blades are also staple armaments of hydra-hunters.
   It affects your intelligence (-4).
   It insulates you from electricity.
   It makes you more stealthy.
Armour
 f - a +2 pair of gloves
 h - the cursed +0 pair of gloves of Devotion (worn) {rPois rF+ Str+2}
   (You found it on level 5 of the Realm of Zot)

   It affects your strength (+2).
   It protects you from fire.
   It protects you from poison.
   It has a curse placed upon it.
 r - the +2 pair of boots "Waik" (worn) {rElec Int-2 SInv Stlth+}
   (Okawaru gifted it to you on level 2 of the Depths)

   It affects your intelligence (-2).
   It insulates you from electricity.
   It lets you see invisible.
   It makes you more stealthy.
 t - the +0 large shield "Faerysut" (worn) {rF- rN+++ Str-3 Dex+7}
   (Okawaru gifted it to you on level 4 of the Lair of Beasts)

   It affects your strength (-3).
   It affects your dexterity (+7).
   It makes you vulnerable to fire.
   It renders you almost immune to negative energy.
 x - the +5 cloak of the Peasants (worn) {Dex+8}
   (Okawaru gifted it to you on level 14 of the Dungeon)

   It affects your dexterity (+8).
 I - the +5 large shield "Iczuk" {rN+ MR- Dex+4}
   (Okawaru gifted it to you on level 5 of the Realm of Zot)

   It affects your dexterity (+4).
   It protects you from negative energy.
   It affects your resistance to hostile enchantments.
 J - the +8 orange crystal plate armour (worn) {Archmagi, Int+3 Clar SustAt}
   (You acquired it on level 12 of the Dungeon)

   It affects your intelligence (+3).
   It sustains your strength, intelligence and dexterity.
   It protects you against confusion.
Jewellery
 c - an uncursed ring of protection from cold
 y - the ring "Ohoss" {+Blink rElec rN+ Int+3 Dex-5}
   (You found it on level 2 of the Spider Nest)

   [ring of intelligence]

   It affects your intelligence (+3).
   It affects your dexterity (-5).
   It insulates you from electricity.
   It protects you from negative energy.
   It lets you blink.
 D - a ring of protection from fire (left hand)
 S - a ring of protection from fire (right hand)
 V - a +2 amulet of reflection
 X - the amulet "Asioxeq" (around neck) {+Rage rPois rN+ MR+ Dex-3}
   (You found it on level 15 of the Dungeon)

   [amulet of rage]

   It affects your dexterity (-3).
   It protects you from poison.
   It protects you from negative energy.
   It affects your resistance to hostile enchantments.
   It lets you go berserk.
Wands
 n - a wand of disintegration (8/24)
 Y - a wand of heal wounds (3/9)
Scrolls
 b - 9 scrolls of identify
 d - 4 scrolls of amnesia
 e - 2 scrolls of fear
 j - 5 scrolls of immolation
 l - 14 scrolls of enchant weapon
 u - 3 scrolls of fog
 v - 6 scrolls of remove curse
 E - a scroll of magic mapping
 L - 5 scrolls of vulnerability
 O - 7 scrolls of enchant armour
 P - 6 scrolls of summoning
 Q - 2 scrolls of brand weapon
 R - 3 scrolls of recharging
Potions
 a - 3 potions of resistance
 i - 6 potions of ambrosia
 s - 17 potions of curing
 w - 5 potions of magic
 z - 3 potions of heal wounds
 A - 4 potions of agility
 C - 2 potions of might
 K - a potion of cancellation
 W - a potion of cure mutation
Miscellaneous
 m - a legendary deck of changes {drawn: 2}
 B - a plain deck of wonders {drawn: 1}
 G - a plain deck of summoning
 H - a disc of storms
Comestibles
 g - 5 meat rations
 k - 3 slices of pizza
 o - 7 bread rations
 p - 3 beef jerkies
 q - 30 fruits
 F - 9 royal jellies


   Skills:
 * Level 25.4 Fighting
 * Level 23.6 Axes
   Level 1.1(16.2) Polearms
   Level 1.1 Crossbows
 - Level 1.8 Throwing
 * Level 25.3 Armour
 - Level 12.6 Dodging
 - Level 6.7 Stealth
 - Level 15.6 Shields
   Level 1.4 Hexes
   Level 1.8 Charms
   Level 1.0 Translocations
   Level 1.8 Fire Magic
   Level 1.0 Air Magic
 - Level 16.9 Invocations
 + Level 16.6 Evocations


You had 26 spell levels left.
You didn't know any spells.

Dungeon Overview and Level Annotations

Branches:
Dungeon (15/15)            Temple (0/1) D:7            Lair (8/8) D:9
 Shoals (4/4) Lair:5       Spider (4/4) Lair:3        Slime (0/6) Lair:7
    Orc (2/2) D:11            Elf (3/3) Orc:2        Vaults (5/5) D:13
  Crypt (0/3) Vaults:3     Depths (5/5) D:15            Zot (5/5) Depths:5

Altars:
Dithmenos
Elyvilon
Fedhas
Gozag
Kikubaaqudgha
Nemelex Xobeh
Okawaru
Ru
Vehumet
Xom
Yredelemnul
Beogh
Jiyva

Shops:
D:4 =   D:5 [*%(   D:7 }   D:9 :}   D:10 [![?   D:13 ?*   Orc:1 **!   Orc:2 %((
Elf:2 (   Vaults:4 (

Portals:
Hell: Depths:1 Depths:2 Depths:3 Depths:4 Depths:5
Abyss: Depths:1 Depths:3 Depths:4
Pandemonium: Depths:3
Ziggurat: Depths:3

Annotations:
Zot:2 exclusion: 7 oklob plants


Innate Abilities, Weirdness & Mutations

You are under a permanent stasis effect.
You can dig through walls and to a lower floor.
Your four strong arms can wield two-handed weapons with a shield.
You have a pair of large antennae on your head (SInv).
You are partially covered in rough black scales (AC +4, Dex -1).
You are mostly covered in slimy green scales (AC +3).
You are agile. (Dex +2)
Scrolls take you a little longer to read.
Your body often deteriorates upon taking damage.
You are dopey. (Int -2)
Your flesh is heat resistant.
You are resistant to electric shocks.
You are weak. (Str -2)
Your spells are a little harder to cast, but a little more powerful.


Message History

You block the Hell Sentinel's attack.
The Hell Sentinel hits you but does no damage.
You hit the Hell Sentinel.
The Hell Sentinel is almost dead.
You block the orange demon's attack.
You slash the Hell Sentinel!
You kill the Hell Sentinel!
Okawaru accepts your kill. The orange demon misses you.
The orange demon stings you but does no damage.
You block the orange demon's attack.
You slice the orange demon!! You burn the orange demon!
The orange demon is severely wounded.
You chop the orange demon into pieces!!!
You burn the orange demon.
You kill the orange demon!
Okawaru accepts your kill.
No target in view!
There is a staircase leading out of the dungeon here.
You have escaped!

....)...# ##.##..#
##...#. ###.###.#
#.#'..# #.....> ###.#
#.#######.#### #.#..#.
....# #...#...'>##
######.#.... #####
#####...##>##
#.........#.
#.>.###.####.####.#....
#...####'##...# #.#.##.
#...#.........# #......
#...#.@.......# ###.##.
#####.....#########.###
#.....### #.......
#.......# #.......
###.#.#.## #>......
#.#....# #.......
#.###..###.......
#.#.......)......
#......##........


There were no monsters in sight!

Vanquished Creatures
  A seraph (Zot:5)
  2 ancient liches (Zot:5)
  3 orbs of fire (Zot:5)
  Mara (Vaults:2)
  2 juggernauts (Depths:4)
  Sojobo (Vaults:2)
  2 Killer Klowns (Zot:5)
  A curse toe (Zot:5)
  A caustic shrike (Depths:4)
  Saint Roka (Vaults:4)
  Jory (Vaults:4)
  5 golden dragons
  Xtahua (Vaults:5)
  A mutant beast (WizLab)
  Nikola (Elf:3)
  An iron giant (Depths:3)
  the Enchantress (Depths:4)
  3 pandemonium lords
  2 electric golems (Zot:5)
  2 Tzitzimimeh (Zot:5)
  A Brimstone Fiend (D:3)
  A bone dragon (Depths:5)
  Jorgrun (Vaults:2)
  An Ice Fiend (Zot:5)
  27 Orb Guardians
  6 tentacled monstrosities
  5 liches
  A Hell Sentinel (D:1)
  6 titans
  2 deep elf master archers (Elf:3)
  2 quicksilver dragons (Vaults:5)
  3 deep elf blademasters
  An Executioner (Abyss:1)
  8 sphinxes
  A death cob (Zot:3)
  2 tentacled starspawn (Abyss:1)
  Polyphemus (Shoals:2)
  12 storm dragons
  13 tengu reavers
  4 shadow dragons (Vaults:5)
  2 draconian monks
  Kirke (D:11)
  Ilsuiw (Shoals:4)
  14 fire giants
  Wiglaf (Vaults:4)
  An orc warlord (Orc:2)
  A draconian knight (Zot:3)
  3 iron dragons
  3 deep elf sorcerers (Elf:3)
  6 ghost moths
  A draconian scorcher (Zot:4)
  15 vault wardens
  A balrug (Depths:2)
  12 frost giants
  A draconian shifter (Zot:3)
  4 emperor scorpions
  A draconian annihilator (Depths:5)
  Louise (Shoals:2)
  An angel (Zot:5)
  A draconian zealot (Zot:3)
  An emperor scorpion (shapeshifter) (WizLab)
  4 deep elf elementalists
  18 ironheart preservers
  A reaper (Depths:2)
  A ghoul (Vaults:3)
  A draconian caller (Depths:5)
  3 spriggan defenders (Depths:4)
  27 very ugly things
  23 stone giants
  3 war gargoyles (Vaults:5)
  3 green draconians
  3 vampire knights
  6 deep elf demonologists
  3 mottled draconians
  2 salamander stormcallers
  2 black draconians
  2 red draconians (Zot:5)
  2 yellow draconians (Zot:4)
  12 spark wasps
  12 deep elf annihilators
  3 white draconians
  5 purple draconians
  An eidolon (Vaults:3)
  A crystal guardian (Vaults:4)
  6 merfolk javelineers
  19 ettins
  2 blizzard demons (Zot:5)
  9 deep elf death magi
  A minotaur (Lab)
  A green death (Zot:5)
  13 great orbs of eyes
  21 ogre magi
  6 deep elf high priests
  Josephine (Lair:7)
  8 fire dragons
  14 entropy weavers
  36 vault guards
  10 merfolk impalers
  17 yaktaur captains
  6 hydras
  12 ice dragons
  A hydra (shapeshifter) (Depths:4)
  3 rakshasas
  9 centaur warriors
  4 spriggan air magi (Depths:4)
  4 merfolk avatars
  A naga warrior (Abyss:1)
  Erica (Lair:1)
  7 catoblepae
  26 dancing weapons
  9 deep troll earth magi
  3 death knights
  11 deep troll shamans
  13 death yaks
  An alligator snapping turtle (Shoals:4)
  A satyr (Shoals:4)
  4 tengu warriors
  8 merfolk aquamancers
  8 orc high priests
  A queen ant (Lair:4)
  An iron golem (WizLab)
  5 spriggan berserkers
  A shock serpent (shapeshifter) (Depths:2)
  2 sun demons (Zot:1)
  Nergalle (D:10)
  20 deep elf knights
  6 hell knights
  2 fire crabs (shapeshifter) (WizLab)
  5 soul eaters
  2 salamander mystics (Depths:5)
  A fire crab (Vaults:4)
  5 shadow wraiths
  9 skeletal warriors
  3 iron trolls
  26 deep trolls
  10 sea snakes
  2 unseen horrors
  3 flayed ghosts
  An infernal demonspawn (Zot:5)
  5 giant orange brains
  A death drake (shapeshifter) (Vaults:5)
  3 starcursed masses (Abyss:1)
  An unseen horror (shapeshifter) (Depths:4)
  A wizard (Vaults:3)
  16 deep elf archers
  A shadow demon (Zot:5)
  4 necromancers
  A harpy (shapeshifter) (Vaults:2)
  15 ironbrand convokers
  7 hill giants
  9 harpies
  18 orc knights
  8 phantasmal warriors
  An orb spider (shapeshifter) (WizLab)
  41 wolf spiders
  A wolf spider zombie (D:14)
  An anubis guard (shapeshifter) (Depths:5)
  11 orc sorcerers
  A lindwurm (Lair:8)
  3 hornets (shapeshifter) (WizLab)
  9 fauns
  A griffon (shapeshifter) (WizLab)
  A glowing shapeshifter (WizLab)
  A shining eye (shapeshifter) (Depths:4)
  14 griffons
  22 orb spiders
  72 ugly things
  10 hornets
  7 cyclopes
  12 large abominations
  4 oklob plants (Zot:2)
  5 salamanders (Depths:5)
  63 deep elf magi
  9 manticores
  7 moths of wrath
  A cyclops (shapeshifter) (WizLab)
  19 vault sentinels
  5 black mambas
  Maurice (D:8)
  2 octopodes (shapeshifter)
  7 elephants
  3 sixfirhies
  2 rust devils
  6 sirens
  Joseph (D:8)
  Psyche (D:11)
  A guardian serpent (Abyss:1)
  3 black mambas (shapeshifter)
  2 smoke demons (Zot:5)
  2 centaur skeletons
  A hellion (Zot:5)
  5 gargoyles
  4 torpor snails
  5 water nymphs
  14 spiny frogs
  5 orange demons
  A rime drake (shapeshifter) (Vaults:1)
  2 rime drakes (D:15)
  A kobold demonologist (D:14)
  10 komodo dragons
  4 komodo dragons (shapeshifter)
  12 freezing wraiths
  An ice devil (Zot:1)
  An efreet (Abyss:1)
  57 yaktaurs
  16 demonic crawlers
  26 merfolk
  3 tengu conjurers
  2 elves (WizLab)
  8 red devils
  3 polar bears (Lair:8)
  An ancient zyme (Abyss:1)
  3 jumping spiders (shapeshifter)
  A queen bee (Spider:2)
  39 jumping spiders
  10 trolls
  A merfolk (shapeshifter) (Vaults:5)
  A two-headed ogre (shapeshifter) (Vaults:5)
  2 polar bears (shapeshifter)
  26 two-headed ogres
  A queen bee (shapeshifter) (Vaults:1)
  A troll (shapeshifter) (D:15)
  A wind drake (shapeshifter) (WizLab)
  Prince Ribbit (D:8)
  Grinder (D:3)
  38 blink frogs
  6 wind drakes
  16 slime creatures
  2 raiju (Abyss:1)
  A raiju (shapeshifter) (D:14)
  5 boulder beetles
  12 snapping turtles
  20 flying skulls (Depths:3)
  A shadow (D:14)
  101 redbacks
  2 air elementals
  3 spriggans (shapeshifter)
  3 ynoxinuls
  6 spriggans (Depths:4)
  A fire bat (Abyss:1)
  9 wyverns
  15 water elementals
  8 wraiths
  35 yaks
  3 fire elementals
  2 tarantellas (shapeshifter)
  35 tarantellas
  4 hogs (D:12)
  2 humans (shapeshifter)
  15 hippogriffs
  6 basilisks
  2 chaos spawn
  2 golden eyes (Abyss:1)
  A basilisk (shapeshifter) (WizLab)
  Grum (D:8)
  A golden eye (shapeshifter) (Vaults:5)
  3 hungry ghosts
  3 neqoxecs
  6 humans
  2 mottled dragons
  18 vampire mosquitoes
  Menkaure (Ossuary)
  A hippogriff (shapeshifter) (WizLab)
  An entropy weaver simulacrum (Vaults:1)
  6 insubstantial wisps (Abyss:1)
  2 nagas (Abyss:1)
  2 soldier ants (shapeshifter)
  10 wargs
  5 giant eyeballs
  8 water moccasins
  21 soldier ants
  12 porcupines
  5 hell hounds
  A water moccasin (shapeshifter) (WizLab)
  The ghost of grippy the Gusty, an amateur VSAE (D:3)
  65 orc warriors
  2 swamp drakes (shapeshifter)
  8 sky beasts
  2 black bears
  An eye of draining (shapeshifter) (Vaults:2)
  9 wasps
  2 black bears (shapeshifter)
  An eye of draining (D:10)
  2 ice beasts
  A boggart (shapeshifter) (WizLab)
  4 necrophages (D:11)
  3 phantoms
  25 wolves
  14 boggarts
  9 centaurs
  85 ogres
  15 crocodiles
  2 big kobolds
  25 giant frogs
  A gnoll sergeant (D:10)
  4 earth elementals
  A glowing shapeshifter simulacrum (Vaults:3)
  An ogre simulacrum (Vaults:1)
  15 small abominations
  7 scorpions
  An elf simulacrum (Vaults:2)
  29 killer bees
  8 wights
  14 howler monkeys
  12 crimson imps
  2 centaur zombies
  3 giant frog zombies
  A gnoll shaman (D:7)
  3 quasits
  11 hounds
  37 orc priests
  3 jellies
  31 orc wizards
  A giant frog skeleton (D:8)
  An iron imp (Abyss:1)
  13 iguanas
  30 worker ants
  17 sheep
  A hound zombie (D:9)
  2 hound skeletons
  3 mummies (Ossuary)
  A howler monkey zombie (D:8)
  Robin (D:2)
  A worker ant zombie (D:11)
  14 adders
  11 gnolls
  94 river rats
  9 shadow imps
  13 white imps
  2 ufetubi (Zot:5)
  An adder zombie (D:6)
  2 adder skeletons
  3 worms
  4 dart slugs
  9 giant geckos
  155 orcs
  15 bats
  4 giant cockroaches
  2 gnoll zombies (Ossuary)
  15 hobgoblins
  8 jackals
  14 kobolds
  7 quokkas
  3 ball pythons
  4 giant newts
  3 gnoll skeletons (Ossuary)
  12 goblins
  2 goblin skeletons (Ossuary)
  3 goblin zombies (Ossuary)
  3 hobgoblin skeletons (Ossuary)
  A hobgoblin zombie (Ossuary)
  A jackal skeleton (D:5)
  2 kobold skeletons (Ossuary)
  3 orc skeletons (Ossuary)
  2 orc zombies (Ossuary)
  A quokka zombie (D:5)
  8 rats
  3 rat skeletons (Ossuary)
  3 rat zombies (Ossuary)
  A bush (Zot:2)
  9 crawling corpses
  15 fungi
  9 plants
  2 starspawn tentacles (Abyss:1)
2923 creatures vanquished.

Vanquished Creatures (others)
  A tengu reaver (Vaults:5)
  A deep elf sorcerer (Elf:3)
  2 fire giants
  Aizul (Spider:1)
  Nessos (Lair:7)
  2 large abominations
  2 merfolk javelineers (Shoals:4)
  2 deep elf high priests
  A yaktaur captain (Depths:4)
  2 centaur warriors
  A sun demon (Zot:5)
  A deep elf knight (Elf:2)
  A deep elf archer (Vaults:1)
  A cyclops (Shoals:4)
  3 fauns
  A salamander (shapeshifter) (WizLab)
  A smoke demon (Zot:5)
  An orange demon (Zot:5)
  A demonic crawler (Spider:4)
  3 yaktaurs
  A red devil (Zot:5)
  A redback (Spider:4)
  A tarantella (Spider:2)
  A vampire mosquito (Vaults:3)
  An orc warrior (Orc:2)
  2 boggarts
  A crimson imp (Zot:5)
  An ufetubus (Zot:5)
  An orc (Vaults:4)
  A gnoll zombie (Ossuary)
  3 gnoll skeletons (Ossuary)
  2 goblin skeletons (Ossuary)
  3 goblin zombies (Ossuary)
  4 hobgoblin zombies (Ossuary)
  3 kobold skeletons (Ossuary)
  4 kobold zombies (Ossuary)
  An orc skeleton (Ossuary)
  2 orc zombies (Ossuary)
  A crawling corpse (Elf:3)
  2 fungi (Lair:8)
  10 plants
  4 starspawn tentacles (Abyss:1)
  29 starspawn tentacle segments (Abyss:1)
108 creatures vanquished.

Grand Total: 3031 creatures vanquished

Notes
Turn   | Place    | Note
--------------------------------------------------------------
     0 | D:1      | grom234 the Formicid Fighter began the quest for the Orb.
     0 | D:1      | Reached XP level 1. HP: 18/18 MP: 1/1
    33 | D:1      | Reached XP level 2. HP: 23/24 MP: 2/2
   334 | D:1      | Reached XP level 3. HP: 29/29 MP: 3/3
   739 | D:2      | Noticed Robin
   757 | D:2      | Killed Robin
   757 | D:2      | Reached XP level 4. HP: 30/37 MP: 4/4
   943 | D:2      | Found a sparkling altar of Nemelex Xobeh.
  1459 | D:2      | Found an iron altar of Okawaru.
  1465 | D:2      | Became a worshipper of Warmaster Okawaru
  1500 | D:3      | Noticed grippy's ghost (amateur VSAE)
  1507 | D:3      | Killed grippy's ghost
  1507 | D:3      | Reached XP level 5. HP: 40/43 MP: 5/5
  1626 | D:3      | Reached * piety under Okawaru
  1626 | D:3      | Reached XP level 6. HP: 46/49 MP: 6/6
  1712 | D:3      | Reached skill level 5 in Shields
  1866 | D:3      | Noticed Grinder
  1913 | D:3      | Killed Grinder
  1913 | D:3      | Reached XP level 7. HP: 42/55 MP: 7/7
  2211 | D:3      | Found a white marble altar of Elyvilon.
  2703 | D:4      | Reached skill level 5 in Fighting
  2716 | D:4      | Reached skill level 5 in Armour
  2932 | D:4      | Found Satez's Jewellery Shoppe.
  3072 | D:4      | Found a shimmering altar of Xom.
  3706 | D:4      | Reached ** piety under Okawaru
  3845 | D:4      | Reached XP level 8. HP: 48/63 MP: 8/8
  4207 | D:5      | Entered Level 5 of the Dungeon
  4430 | D:5      | Found Qatzischi's Antique Weapon Emporium.
  4485 | D:5      | Found Ololeh's Assorted Antiques.
  4532 | D:5      | Found an ancient bone altar of Kikubaaqudgha.
  4595 | D:5      | Found Seebbiz's Armour Emporium.
  4595 | D:5      | Found a shadowy altar of Dithmenos.
  4669 | D:5      | HP: 2/64 [ice beast (13)]
  4689 | D:4      | You fall through a shaft for 2 floors!
  5037 | D:5      | Found a radiant altar of Vehumet.
  5171 | D:5      | Found Tan Guan's Food Emporium.
  5537 | D:5      | Reached skill level 5 in Axes
  5658 | D:5      | Gained mutation: You have sharp toenails. [mutagenic meat]
  5659 | D:5      | Gained mutation: You are partially covered in large bone plates (AC +2, SH +2). [mutagenic meat]
  5660 | D:5      | Gained mutation: You expend magic power (3 MP) to strengthen your wands. [mutagenic meat]
  5661 | D:5      | Gained mutation: You are agile. (Dex +2) [mutagenic meat]
  5881 | D:5      | Reached *** piety under Okawaru
  6014 | D:6      | Reached XP level 9. HP: 71/71 MP: 9/9
  6274 | D:6      | Found a sacrificial altar of Ru.
  6602 | D:7      | Reached **** piety under Okawaru
  6742 | D:7      | Found Ommeoc's Gadget Boutique.
  6778 | D:7      | Found a staircase to the Ecumenical Temple.
  6805 | D:7      | Reached XP level 10. HP: 78/80 MP: 10/10
  6825 | D:7      | Reached skill level 1 in Invocations
  7210 | D:8      | Noticed Maurice
  7227 | D:8      | Killed Maurice
  7240 | D:8      | Noticed Prince Ribbit
  7325 | D:8      | Found a sand-covered staircase.
  7331 | D:8      | Reached ***** piety under Okawaru
  7341 | Ossuary  | Entered an ossuary
  7608 | Ossuary  | Noticed Menkaure
  7615 | Ossuary  | Killed Menkaure
  7714 | D:8      | Noticed Joseph
  7721 | D:8      | Killed Joseph
  7770 | D:8      | Noticed Grum
  7799 | D:8      | Killed Grum
  8292 | D:8      | Reached XP level 11. HP: 77/87 MP: 14/14
  8491 | D:8      | Killed Prince Ribbit
  8491 | D:8      | Reached skill level 10 in Shields
  8781 | D:9      | Reached skill level 5 in Invocations
  8852 | D:9      | Found an opulent altar of Gozag.
  8896 | D:9      | Found Viosmeag's Quality Used Wands.
  9030 | D:9      | Found a flagged portal.
  9034 | Bailey   | Entered a bailey
  9230 | Bailey   | Got an ancient plate armour
  9242 | Bailey   | Identified the +1 plate armour of Jolor {MR+++ MP-9 Dex-3 SInv} (You found it in a bailey)
  9244 | Bailey   | Got a jewelled cloak
  9255 | Bailey   | Identified the +2 cloak of Juxioj {rCorr} (You found it in a bailey)
  9590 | D:9      | Found Moocogaf's Book Emporium.
  9613 | D:9      | Found an opulent altar of Gozag.
  9622 | D:9      | Gained mutation: Your flesh is cold resistant. [mutagenic meat]
  9624 | D:9      | Gained mutation: You have razor-sharp toenails. [mutagenic meat]
  9625 | D:9      | Gained mutation: You are weak. (Str -2) [mutagenic meat]
  9690 | D:9      | Found a staircase to the Lair.
  9800 | D:10     | Entered Level 10 of the Dungeon
  9809 | D:10     | Reached ****** piety under Okawaru
 10048 | D:10     | Noticed Nergalle
 10089 | D:10     | Killed Nergalle
 10231 | D:10     | Received a gift from Okawaru
 10281 | D:10     | Found Fosatuh's Antique Armour Boutique.
 10289 | D:10     | Bought a pair of boots for 144 gold pieces
 10650 | D:10     | Found Othakyb's Antique Armour Shoppe.
 10741 | D:10     | Reached skill level 10 in Armour
 10796 | D:10     | Found Wufytiecw's Distillery.
 10802 | D:10     | Found Foebeda's Magic Scroll Boutique.
 10988 | D:11     | Found a staircase to the Orcish Mines.
 10989 | D:11     | Found a sacrificial altar of Ru.
 11274 | D:11     | Noticed Psyche
 11302 | D:11     | Reached skill level 10 in Fighting
 11309 | D:11     | Reached XP level 12. HP: 79/97 MP: 6/17
 11311 | D:11     | Killed Psyche
 11499 | D:11     | Gained mutation: Your magical capacity is low (-10% MP). [mutagenic meat]
 11500 | D:11     | Gained mutation: You are frail (-10% HP). [mutagenic meat]
 11501 | D:11     | Gained mutation: Scrolls take you a little longer to read. [mutagenic meat]
 11880 | D:11     | Found a blossoming altar of Fedhas.
 12201 | D:12     | Noticed Kirke
 12235 | D:11     | Killed Kirke
 12325 | D:12     | Received a gift from Okawaru
 12328 | D:12     | Got a crude broad axe {god gift}
 12329 | D:12     | Identified the +8 broad axe of Okawaru {flame, rN+ Int+3 SInv} (Okawaru gifted it to you on level 12 of the Dungeon)
 12348 | D:12     | Identified a scroll of acquirement
 12524 | D:12     | Gained mutation: You occasionally shout uncontrollably at your foes. [mutagenic meat]
 12525 | D:12     | Lost mutation: You are frail (-10% HP). [mutagenic meat]
 12527 | D:12     | Gained mutation: You have claws for feet. [mutagenic meat]
 12838 | D:12     | Reached XP level 13. HP: 100/105 MP: 17/17
 12948 | D:12     | Lost mutation: Your flesh is cold resistant. [potion of mutation]
 13048 | D:13     | Noticed a vault guard
 13180 | D:13     | Found Kuejeqee's Pet Rocks.
 13241 | D:13     | Found Cihag's Magic Scroll Shoppe.
 13264 | D:13     | Reached skill level 1 in Dodging
 13265 | D:13     | Received a gift from Okawaru
 13301 | D:13     | Noticed a six-headed hydra
 13312 | D:13     | Reached skill level 10 in Axes
 13313 | D:13     | Killed a one-headed hydra
 13466 | D:13     | Found an opulent altar of Gozag.
 13646 | D:13     | Noticed a vault guard
 13700 | D:13     | Noticed a vault guard
 13733 | D:13     | Killed a vault guard
 13861 | D:13     | Got a scorched cloak
 13864 | D:13     | Identified the +0 cloak of Noughts and Crosses {rC+} (You found it on level 13 of the Dungeon)
 13884 | D:13     | Killed a vault guard
 13910 | D:13     | Killed a vault guard
 13910 | D:13     | Received a gift from Okawaru
 13926 | D:13     | Found a gate to the Vaults.
 13926 | D:13     | Noticed a vault guard
 13926 | D:13     | Noticed a vault guard
 13940 | D:13     | Killed a vault guard
 13949 | D:13     | Killed a vault guard
 13949 | D:13     | Reached skill level 10 in Invocations
 14179 | D:14     | Noticed a centaur warrior
 14180 | D:14     | Noticed an ogre mage
 14245 | D:14     | Killed an ogre mage
 14247 | D:14     | Killed a centaur warrior
 14247 | D:14     | Reached XP level 14. HP: 94/114 MP: 14/19
 14313 | D:14     | Received a gift from Okawaru
 14325 | D:14     | Got a translucent cloak {god gift}
 14348 | D:14     | Identified the +5 cloak of the Peasants {Dex+8} (Okawaru gifted it to you on level 14 of the Dungeon)
 14412 | D:14     | Gained mutation: You possess an exceptional clarity of mind. [mutagenic meat]
 14934 | Lair:1   | Entered Level 1 of the Lair of Beasts
 14980 | Lair:1   | Noticed Erica
 14995 | Lair:1   | Killed Erica
 15019 | Lair:1   | Identified the Grimoire of the Peculiar Ghosts (You found it on level 1 of the Lair of Beasts)
 15092 | Lair:1   | Reached skill level 5 in Dodging
 15254 | Lair:1   | Found a labyrinth entrance.
 15263 | Lab      | Entered a labyrinth
 16104 | Lair:2   | Received a gift from Okawaru
 16527 | Lair:3   | Found a hole to the Spider Nest.
 17298 | Lair:4   | Reached XP level 15. HP: 119/121 MP: 21/21
 17321 | Lair:4   | Received a gift from Okawaru
 17346 | Lair:4   | Got a scorched large shield {god gift}
 17358 | Lair:4   | Identified the +0 large shield "Faerysut" {rF- rN+++ Str-3 Dex+7} (Okawaru gifted it to you on level 4 of the Lair of Beasts)
 17379 | Lair:4   | Found a dark tunnel.
 18022 | Lair:4   | Found a basalt altar of Yredelemnul.
 18680 | Lair:5   | Found a staircase to the Shoals.
 19799 | Lair:6   | Reached skill level 1 in Polearms
 19799 | Lair:6   | Reached skill level 1 in Crossbows
 19799 | Lair:6   | Reached skill level 1 in Throwing
 19799 | Lair:6   | Reached skill level 1 in Hexes
 19799 | Lair:6   | Reached skill level 1 in Charms
 19799 | Lair:6   | Reached skill level 1 in Translocations
 19799 | Lair:6   | Reached skill level 1 in Fire Magic
 19799 | Lair:6   | Reached skill level 1 in Air Magic
 19799 | Lair:6   | Reached XP level 16. HP: 130/130 MP: 22/22
 20276 | Lair:7   | Noticed Josephine
 20285 | Lair:7   | Killed Josephine
 20321 | Lair:7   | Noticed Nessos
 20328 | Lair:7   | Killed Nessos
 20407 | Lair:7   | Received a gift from Okawaru
 20470 | Lair:7   | Found a staircase to the Slime Pits.
 20471 | Lair:7   | Found a viscous altar of Jiyva.
 20667 | Lair:8   | Entered Level 8 of the Lair of Beasts
 20828 | Lair:8   | Received a gift from Okawaru
 20912 | Lair:8   | Reached XP level 17. HP: 133/137 MP: 24/24
 20939 | Lair:8   | Received a gift from Okawaru
 22058 | Orc:1    | Entered Level 1 of the Orcish Mines
 22168 | Orc:1    | Found Xilues's Distillery.
 22168 | Orc:1    | Found Iggymn's Assorted Antiques.
 22188 | Orc:1    | Found Ulef's General Store.
 22433 | Orc:2    | Entered Level 2 of the Orcish Mines
 23064 | Orc:2    | Found a staircase to the Elven Halls.
 23267 | Orc:2    | Found a roughly hewn altar of Beogh.
 23361 | Orc:2    | Found Houxeh's Antique Weapon Emporium.
 23389 | Orc:2    | Found Vana's Food Shoppe.
 24109 | Orc:2    | Found Oterrech's Weapon Shop.
 24154 | Orc:2    | Received a gift from Okawaru
 24157 | Orc:2    | Got a faintly humming large shield {god gift}
 24168 | Orc:2    | Identified the +5 large shield of Okawaru's Benevolence {Int+3} (Okawaru gifted it to you on level 2 of the Orcish Mines)
 24182 | Orc:2    | Found a roughly hewn altar of Beogh.
 24225 | Orc:2    | Found Vefeaf's Assorted Antiques.
 24235 | Orc:2    | Gained mutation: You regenerate slowly when monsters are visible. [a neqoxec]
 25154 | D:10     | Bought a pair of glowing gloves for 130 gold pieces
 25197 | D:10     | Bought a scroll of acquirement for 728 gold pieces
 25213 | D:10     | Got a smoking broad axe
 25214 | D:10     | Identified the +2 broad axe of Sin {chop, -Tele rElec rPois rF++} (You acquired it on level 10 of the Dungeon)
 25354 | Spider:1 | Entered Level 1 of the Spider Nest
 25639 | Spider:1 | Reached skill level 10 in Dodging
 25661 | Spider:1 | Reached XP level 18. HP: 136/147 MP: 25/25
 26719 | Spider:1 | Noticed Aizul
 26741 | Spider:1 | Killed Aizul
 28163 | Spider:2 | Got a flickering jade ring
 28169 | Spider:2 | Identified the ring "Ohoss" {+Blink rElec rN+ Int+3 Dex-5} (You found it on level 2 of the Spider Nest)
 28178 | Spider:2 | Received a gift from Okawaru
 28471 | Spider:2 | Gained mutation: You sometimes yell uncontrollably at your foes. [potion of mutation]
 28471 | Spider:2 | Lost mutation: You possess an exceptional clarity of mind. [potion of mutation]
 28471 | Spider:2 | Gained mutation: You are frail (-10% HP). [potion of mutation]
 28663 | Spider:3 | Reached skill level 15 in Fighting
 28667 | Spider:3 | Received a gift from Okawaru
 29012 | Spider:4 | Entered Level 4 of the Spider Nest
 29023 | Spider:4 | Reached skill level 15 in Armour
 30113 | Spider:4 | Reached skill level 15 in Invocations
 30116 | Spider:4 | Received a gift from Okawaru
 30116 | Spider:4 | Reached XP level 19. HP: 95/139 MP: 1/27
 30139 | Spider:4 | Lost mutation: You are frail (-10% HP). [mutagenic meat]
 30901 | Spider:4 | Gained mutation: Armour fits poorly on your strangely shaped body. [mutagenic meat]
 30903 | Spider:4 | Lost mutation: You regenerate slowly when monsters are visible. [mutagenic meat]
 30905 | Spider:4 | Gained mutation: Scrolls take you longer to read. [mutagenic meat]
 30920 | Spider:4 | Got a gossamer rune of Zot
 30964 | Spider:4 | Gained mutation: Your natural rate of healing is unusually fast. [potion of beneficial mutation]
 31044 | Spider:4 | Received a gift from Okawaru
 31049 | Spider:4 | Got a warped hand axe {god gift}
 31050 | Spider:4 | Identified the +5 hand axe of Quarrel {chop, *Contam rElec rN++ Stlth+} (Okawaru gifted it to you on level 4 of the Spider Nest)
 31101 | Spider:4 | Gained mutation: Your body sometimes deteriorates upon taking damage. [mutagenic glow]
 32085 | Elf:1    | Entered Level 1 of the Elven Halls
 33288 | D:15     | Entered Level 15 of the Dungeon
 33526 | D:15     | Found a staircase to the Depths.
 33630 | D:15     | Lost mutation: You sometimes yell uncontrollably at your foes. [mutagenic meat]
 33636 | D:15     | Got a sparkling ruby amulet
 33813 | D:15     | Identified the amulet "Asioxeq" {+Rage rPois rN+ MR+ Dex-3} (You found it on level 15 of the Dungeon)
 33835 | D:15     | Gained mutation: Your mind is acute. (Int +2) [mutagenic meat]
 33836 | D:15     | Lost mutation: Scrolls take you longer to read. [mutagenic meat]
 33837 | D:15     | Lost mutation: Armour fits poorly on your strangely shaped body. [mutagenic meat]
 34216 | D:15     | Identified a -1 rod of ignition (13/13) (You found it on level 15 of the Dungeon)
 34255 | Depths:1 | Entered Level 1 of the Depths
 34255 | Depths:1 | Noticed a lich
 34358 | Vaults:1 | Entered Level 1 of the Vaults
 34385 | Vaults:1 | Lost mutation: You are partially covered in large bone plates (AC +2, SH +2). [mutagenic meat]
 34624 | Vaults:1 | Received a gift from Okawaru
 34656 | Vaults:1 | Lost mutation: You are weak. (Str -2) [mutagenic meat]
 34661 | Vaults:1 | Lost mutation: Your mind is acute. (Int +2) [mutagenic meat]
 34869 | Vaults:1 | Reached XP level 20. HP: 88/164 MP: 23/28
 35077 | Vaults:1 | Received a gift from Okawaru
 35576 | Vaults:2 | Noticed Jorgrun
 35590 | Vaults:2 | Killed Jorgrun
 35809 | Vaults:2 | Cast into level 1 of the Abyss (drawing a card)
 36006 | Abyss:1  | Lost mutation: Your body sometimes deteriorates upon taking damage. [mutagenic meat]
 36007 | Abyss:1  | Lost mutation: You have claws for feet. [mutagenic meat]
 36273 | Vaults:2 | Escaped the Abyss
 36383 | Vaults:2 | Noticed Mara
 36389 | Vaults:2 | Noticed Sojobo
 36416 | Vaults:2 | Killed Sojobo
 36416 | Vaults:2 | Received a gift from Okawaru
 36445 | Vaults:2 | Got a citrine-studded chain mail {god gift}
 36454 | Vaults:2 | Noticed grom234's illusion
 36475 | Vaults:2 | Killed Mara
 36475 | Vaults:2 | Reached skill level 15 in Shields
 36750 | Vaults:2 | Identified the +1 chain mail of Inquiry {+Inv rPois} (Okawaru gifted it to you on level 2 of the Vaults)
 36857 | Vaults:2 | Reached skill level 15 in Axes
 36995 | Vaults:2 | Reached XP level 21. HP: 154/172 MP: 29/29
 37013 | Vaults:2 | Gained mutation: Your spells are a little easier to cast, but a little less powerful. [mutagenic meat]
 37014 | Vaults:2 | Gained mutation: Your body sometimes deteriorates upon taking damage. [mutagenic meat]
 37015 | Vaults:2 | Lost mutation: Your magical capacity is low (-10% MP). [mutagenic meat]
 37016 | Vaults:2 | Lost mutation: Scrolls take you a little longer to read. [mutagenic meat]
 37598 | Vaults:2 | Gained mutation: You sometimes yell uncontrollably at your foes. [mutagenic meat]
 37599 | Vaults:2 | Lost mutation: You sometimes yell uncontrollably at your foes. [mutagenic meat]
 37996 | Depths:1 | Received a gift from Okawaru
 38195 | Depths:1 | Gained mutation: You are weak. (Str -2) [mutagenic meat]
 38197 | Depths:1 | Lost mutation: You expend magic power (3 MP) to strengthen your wands. [mutagenic meat]
 38199 | Depths:1 | Gained mutation: You possess an exceptional clarity of mind. [mutagenic meat]
 38210 | Depths:1 | Found a one-way gate to the infinite horrors of the Abyss.
 38708 | Depths:1 | Found a gateway to Hell.
 38850 | Depths:1 | Got a faintly glowing executioner's axe {god gift}
 38851 | Depths:1 | Identified the +9 executioner's axe "Tuhatec" {flame, rElec Int-4 Stlth+} (Okawaru gifted it to you on level 1 of the Depths)
 39454 | Depths:2 | Received a gift from Okawaru
 39507 | Depths:2 | Received a gift from Okawaru
 39524 | Depths:2 | Got a pair of encrusted boots {god gift}
 39547 | Depths:2 | Identified the +2 pair of boots "Waik" {rElec Int-2 SInv Stlth+} (Okawaru gifted it to you on level 2 of the Depths)
 40016 | Depths:2 | Lost mutation: Your spells are a little easier to cast, but a little less powerful. [mutagenic meat]
 40017 | Depths:2 | Gained mutation: You are robust (+10% HP). [mutagenic meat]
 40019 | Depths:2 | Gained mutation: Your spells are a little harder to cast, but a little more powerful. [potion of beneficial mutation]
 40676 | Shoals:1 | Entered Level 1 of the Shoals
 41256 | Shoals:1 | Reached XP level 22. HP: 200/200 MP: 34/34
 41562 | Shoals:2 | Lost mutation: You have razor-sharp toenails. [helix card]
 41879 | Shoals:2 | Noticed Louise
 41890 | Shoals:2 | Killed Louise
 42068 | Shoals:3 | Noticed Polyphemus
 42330 | Shoals:2 | Killed Polyphemus
 43053 | Shoals:4 | Entered Level 4 of the Shoals
 43058 | Shoals:4 | Noticed Ilsuiw
 43332 | Shoals:4 | Received a gift from Okawaru
 43343 | Shoals:4 | Killed Ilsuiw
 43367 | Shoals:4 | Got a pitted battleaxe {god gift}
 43601 | Shoals:3 | Identified the +8 battleaxe "Transmigrator" {chop, +Inv rF- Int+6} (Okawaru gifted it to you on level 4 of the Shoals)
 44030 | Shoals:4 | Got a barnacled rune of Zot
 44155 | Shoals:4 | Received a gift from Okawaru
 44626 | Shoals:4 | Received a gift from Okawaru
 44679 | Shoals:4 | Got a bloodstained broad axe
 44680 | Shoals:4 | Identified the +4 broad axe "Ant's Bane" {antimagic, -Tele rElec Dex-4 Stlth+} (You found it on level 4 of the Shoals)
 46233 | Elf:1    | Reached XP level 23. HP: 185/211 MP: 35/35
 46716 | Elf:2    | Found a runed gate.
 46716 | Elf:2    | Found a runed gate.
 46719 | Elf:2    | Found a runed gate.
 46749 | Elf:2    | Found Quaryruf's Weapon Shoppe.
 47016 | Elf:2    | Reached skill level 1 in Stealth
 47405 | Elf:2    | Received a gift from Okawaru
 47763 | Elf:3    | Entered Level 3 of the Elven Halls
 47986 | Elf:3    | Found a magical portal.
 47995 | WizLab   | Entered Cigotuvi's Fleshworks
 48109 | WizLab   | Received a gift from Okawaru
 48129 | WizLab   | Gained mutation: Potions and wands are less effective at restoring your health. [mutagenic meat]
 48130 | WizLab   | Lost mutation: You have sharp toenails. [mutagenic meat]
 48131 | WizLab   | Lost mutation: You are weak. (Str -2) [mutagenic meat]
 48132 | WizLab   | Gained mutation: Scrolls take you a little longer to read. [mutagenic meat]
 48134 | WizLab   | Lost mutation: You are robust (+10% HP). [mutagenic meat]
 48135 | WizLab   | Gained mutation: Your magical capacity is low (-10% MP). [mutagenic meat]
 48136 | WizLab   | Gained mutation: You are weak. (Str -2) [mutagenic meat]
 48137 | WizLab   | Lost mutation: You are agile. (Dex +2) [mutagenic meat]
 48139 | WizLab   | Gained mutation: Your body often deteriorates upon taking damage. [mutagenic glow]
 48140 | WizLab   | Got a crude demon trident {god gift}
 48201 | WizLab   | Lost mutation: You are weak. (Str -2) [mutagenic meat]
 48202 | WizLab   | Gained mutation: Your system is resistant to poisons. [mutagenic meat]
 48204 | WizLab   | Lost mutation: Your spells are a little harder to cast, but a little more powerful. [mutagenic meat]
 48205 | WizLab   | Lost mutation: You possess an exceptional clarity of mind. [mutagenic glow]
 48206 | WizLab   | Gained mutation: You evolve. [mutagenic meat]
 48232 | WizLab   | Gained mutation: Your spells are a little easier to cast, but a little less powerful. [mutagenic glow]
 48233 | WizLab   | Gained mutation: You are partially covered in icy blue scales (AC +1). [mutagenic meat]
 48234 | WizLab   | Gained mutation: Your muscles are strong. (Str +2) [mutagenic meat]
 48235 | WizLab   | Lost mutation: Scrolls take you a little longer to read. [mutagenic meat]
 48236 | WizLab   | Gained mutation: You heal very quickly. [mutagenic meat]
 48237 | WizLab   | Gained mutation: Your mind is acute. (Int +2) [mutagenic meat]
 48239 | WizLab   | Lost mutation: Your muscles are strong. (Str +2) [mutagenic meat]
 48240 | WizLab   | Gained mutation: You are frail (-10% HP). [mutagenic meat]
 48281 | WizLab   | Gained mutation: You are very frail (-20% HP). [mutagenic glow]
 48369 | WizLab   | Gained mutation: You expend magic power (3 MP) to strengthen your wands. [mutagenic glow]
 48374 | WizLab   | Lost mutation: You expend magic power (3 MP) to strengthen your wands. [evolution]
 48405 | WizLab   | Lost mutation: Your spells are a little easier to cast, but a little less powerful. [mutagenic meat]
 48600 | WizLab   | Lost mutation: Your system is resistant to poisons. [potion of cure mutation]
 48600 | WizLab   | Lost mutation: Your magical capacity is low (-10% MP). [potion of cure mutation]
 48600 | WizLab   | Lost mutation: Your body often deteriorates upon taking damage. [potion of cure mutation]
 48600 | WizLab   | Lost mutation: Your mind is acute. (Int +2) [potion of cure mutation]
 48600 | WizLab   | Lost mutation: You are very frail (-20% HP). [potion of cure mutation]
 48601 | WizLab   | Lost mutation: Your body sometimes deteriorates upon taking damage. [potion of cure mutation]
 48601 | WizLab   | Lost mutation: Potions and wands are less effective at restoring your health. [potion of cure mutation]
 48601 | WizLab   | Lost mutation: You are frail (-10% HP). [potion of cure mutation]
 48601 | WizLab   | Lost mutation: You occasionally shout uncontrollably at your foes. [potion of cure mutation]
 48601 | WizLab   | Lost mutation: You are partially covered in icy blue scales (AC +1). [potion of cure mutation]
 48602 | WizLab   | Gained mutation: Your spells are a little harder to cast, but a little more powerful. [potion of mutation]
 48602 | WizLab   | Gained mutation: You are weak. (Str -2) [potion of mutation]
 48603 | WizLab   | Gained mutation: You are resistant to electric shocks. [potion of mutation]
 48603 | WizLab   | Gained mutation: You rapidly evolve. [potion of mutation]
 48603 | WizLab   | Gained mutation: You possess an exceptional clarity of mind. [potion of mutation]
 48604 | WizLab   | Gained mutation: You are clumsy. (Dex -2) [potion of mutation]
 48604 | WizLab   | Gained mutation: You are partially covered in slimy green scales (AC +2). [potion of mutation]
 48605 | WizLab   | Lost mutation: You are clumsy. (Dex -2) [potion of mutation]
 48605 | WizLab   | Lost mutation: You heal very quickly. [potion of mutation]
 48605 | WizLab   | Gained mutation: You are very weak. (Str -4) [potion of mutation]
 48606 | WizLab   | Lost mutation: Your natural rate of healing is unusually fast. [potion of mutation]
 48607 | WizLab   | Lost mutation: Your spells are a little harder to cast, but a little more powerful. [potion of mutation]
 48607 | WizLab   | Gained mutation: Your body sometimes deteriorates upon taking damage. [potion of mutation]
 48608 | WizLab   | Gained mutation: Your mind is acute. (Int +2) [potion of mutation]
 48609 | WizLab   | Gained mutation: You are covered in fur (AC +1). [potion of mutation]
 48609 | WizLab   | Gained mutation: Your flesh is heat resistant. [potion of mutation]
 48610 | WizLab   | Gained mutation: Scrolls take you a little longer to read. [potion of mutation]
 48611 | WizLab   | Lost mutation: Your mind is acute. (Int +2) [potion of mutation]
 48612 | WizLab   | Lost mutation: You are covered in fur (AC +1). [potion of mutation]
 48613 | WizLab   | Gained mutation: You are agile. (Dex +2) [potion of beneficial mutation]
 48614 | WizLab   | Gained mutation: You are robust (+10% HP). [potion of beneficial mutation]
 48615 | WizLab   | Lost mutation: You are very weak. (Str -4) [potion of beneficial mutation]
 48810 | WizLab   | Reached skill level 5 in Stealth
 48892 | WizLab   | Gained mutation: Scrolls take you longer to read. [mutagenic meat]
 48959 | WizLab   | Received a gift from Okawaru
 48991 | WizLab   | Lost mutation: Your body sometimes deteriorates upon taking damage. [mutagenic meat]
 48993 | WizLab   | Gained mutation: Scrolls take you much longer to read. [mutagenic meat]
 48994 | WizLab   | Lost mutation: You are weak. (Str -2) [mutagenic meat]
 49043 | WizLab   | Lost mutation: You are robust (+10% HP). [mutagenic meat]
 49089 | WizLab   | Got a warped jade amulet
 49095 | WizLab   | Identified the amulet of the Barnacle {Gourm rF- rC- Str+2 Int+8} (You found it in a wizard's laboratory)
 49136 | WizLab   | Identified the Catalogue of Transmutation (You found it in a wizard's laboratory)
 49138 | WizLab   | Identified Tentalol's Handbook of Transformation (You found it in a wizard's laboratory)
 49148 | WizLab   | Identified Cigotuvi's Papyrus of Evil Shape Shifting (You found it in a wizard's laboratory)
 49415 | Elf:3    | Noticed Nikola
 49430 | Elf:3    | Killed Nikola
 49449 | Elf:3    | Reached XP level 24. HP: 177/201 MP: 35/35
 50369 | Elf:3    | Reached skill level 1 in Evocations
 50552 | Elf:3    | Received a gift from Okawaru
 50555 | Elf:3    | Got a heavily runed ring mail {god gift}
 50566 | Elf:3    | Identified the +0 ring mail "Jeozoil" {rPois rCorr} (Okawaru gifted it to you on level 3 of the Elven Halls)
 51167 | Vaults:3 | Gained mutation: You have an increased reservoir of magic (+10% MP). [mutagenic meat]
 51372 | Vaults:3 | Found a staircase to the Crypt.
 51917 | Vaults:3 | Reached skill level 5 in Evocations
 52014 | Vaults:3 | Identified the +5 demon trident of Luulleps {pain, Fragile rElec rC+} (Okawaru gifted it to you in a wizard's laboratory)
 52139 | Vaults:3 | Lost mutation: You rapidly evolve. [evolution]
 52466 | Vaults:4 | Reached XP level 25. HP: 195/212 MP: 35/39
 52525 | Vaults:4 | Noticed Wiglaf
 52530 | Vaults:4 | Killed Wiglaf
 52546 | Vaults:4 | Noticed Saint Roka
 52593 | Vaults:4 | Killed Saint Roka
 52593 | Vaults:4 | Received a gift from Okawaru
 53036 | Vaults:4 | Gained mutation: Your body sometimes deteriorates upon taking damage. [mutagenic meat]
 53040 | Vaults:4 | Gained mutation: You are mostly covered in slimy green scales (AC +3). [mutagenic meat]
 53298 | Vaults:4 | Found Caquiclo's Weapon Boutique.
 53359 | Vaults:4 | Gained mutation: You are partially covered in rough black scales (AC +4, Dex -1). [mutagenic meat]
 53360 | Vaults:4 | Lost mutation: Your body sometimes deteriorates upon taking damage. [mutagenic meat]
 53361 | Vaults:4 | Lost mutation: You evolve. [mutagenic meat]
 53706 | Vaults:4 | Received a gift from Okawaru
 53709 | Vaults:4 | Got a pair of slimy boots {god gift}
 53741 | Vaults:4 | Identified the +0 pair of boots of Patience {rC+ rN+} (Okawaru gifted it to you on level 4 of the Vaults)
 53879 | Vaults:4 | Noticed Jory
 53912 | Vaults:4 | Killed Jory
 54411 | Vaults:5 | Entered Level 5 of the Vaults
 54435 | Vaults:5 | Reached XP level 26. HP: 222/222 MP: 34/39
 54534 | Vaults:5 | Reached skill level 10 in Evocations
 54549 | Vaults:5 | Received a gift from Okawaru
 54576 | Vaults:5 | Lost mutation: You possess an exceptional clarity of mind. [mutagenic meat]
 54585 | Vaults:5 | Got an ancient bronze ring
 54590 | Vaults:5 | Identified the ring "Nibuskyj" {rC+ Int+4} (You took it off a deep elf death mage on level 5 of the Vaults)
 54914 | Vaults:5 | Received a gift from Okawaru
 55419 | Vaults:5 | Got a silver rune of Zot
 55445 | Vaults:5 | Received a gift from Okawaru
 55635 | Vaults:5 | Noticed Xtahua
 55648 | Vaults:5 | Killed Xtahua
 55985 | Vaults:5 | Reached XP level 27. HP: 228/231 MP: 39/39
 56064 | Vaults:5 | Received a gift from Okawaru
 57464 | Depths:3 | Found a one-way gate leading to the halls of Pandemonium.
 57467 | Depths:3 | Found a gateway to a ziggurat.
 57488 | Depths:3 | Got a crude cloak
 57499 | Depths:3 | Identified the +0 cloak of Imue {rElec rN+} (You acquired it on level 3 of the Depths)
 57702 | Depths:3 | Received a gift from Okawaru
 58023 | Depths:4 | Noticed the Enchantress
 58045 | Depths:4 | Killed the Enchantress
 58062 | Depths:4 | Noticed a juggernaut
 58071 | Depths:4 | Killed a juggernaut
 58185 | Depths:3 | Gained mutation: Your body sometimes deteriorates upon taking damage. [mutagenic meat]
 58186 | Depths:3 | Gained mutation: You are very agile. (Dex +4) [mutagenic meat]
 58250 | Depths:4 | Lost mutation: Scrolls take you much longer to read. [mutagenic meat]
 58251 | Depths:4 | Gained mutation: Your spells are a little harder to cast, but a little more powerful. [mutagenic meat]
 58881 | Depths:4 | Received a gift from Okawaru
 59041 | Depths:4 | Noticed a juggernaut
 59050 | Depths:4 | Killed a juggernaut
 59112 | Depths:4 | Received a gift from Okawaru
 59610 | Depths:5 | Entered Level 5 of the Depths
 59687 | Depths:5 | Found a gate to the Realm of Zot.
 60082 | Zot:1    | Entered Level 1 of the Realm of Zot
 60117 | Depths:5 | Upgraded the game from 0.18-a0-1788-g92de1ac to 0.18-a0-1789-gbeff17f
 60661 | Depths:5 | Reached skill level 15 in Evocations
 60928 | Depths:5 | Received a gift from Okawaru
 61106 | Depths:5 | Got a fine great sword
 61109 | Depths:5 | Identified the +10 great sword "Deipn" {drain, *Contam +Blink rC+ Str+5} (You found it on level 5 of the Depths)
 62371 | Zot:3    | Received a gift from Okawaru
 62710 | Zot:5    | Entered Level 5 of the Realm of Zot
 62836 | Zot:5    | Noticed an ancient lich
 62845 | Zot:5    | Killed an ancient lich
 62852 | Zot:5    | Noticed an orb of fire
 62852 | Zot:5    | Lost mutation: You are very agile. (Dex +4) [an orb of fire]
 62858 | Zot:5    | Noticed an orb of fire
 62878 | Zot:5    | Killed an orb of fire
 62880 | Zot:5    | Killed an orb of fire
 63130 | Zot:5    | Got a pair of ichor-stained gloves
 63141 | Zot:5    | Identified the cursed +0 pair of gloves of Devotion {rPois rF+ Str+2} (You found it on level 5 of the Realm of Zot)
 63150 | Zot:5    | Noticed an orb of fire
 63157 | Zot:5    | Gained mutation: You are weak. (Str -2) [an orb of fire]
 63158 | Zot:5    | Lost mutation: Scrolls take you longer to read. [an orb of fire]
 63160 | Zot:5    | Lost mutation: You have an increased reservoir of magic (+10% MP). [an orb of fire]
 63172 | Zot:5    | Gained mutation: You are dopey. (Int -2) [an orb of fire]
 63178 | Zot:5    | Gained mutation: Your body often deteriorates upon taking damage. [an orb of fire]
 63181 | Zot:5    | Killed an orb of fire
 63225 | Zot:5    | Received a gift from Okawaru
 63228 | Zot:5    | Got an ichor-stained large shield {god gift}
 63256 | Zot:5    | Identified the +5 large shield "Iczuk" {rN+ MR- Dex+4} (Okawaru gifted it to you on level 5 of the Realm of Zot)
 63376 | Zot:5    | Got the Orb of Zot
 63394 | Zot:5    | Noticed Iplas the pandemonium lord
 63415 | Zot:5    | Killed Iplas the pandemonium lord
 63556 | Zot:5    | Noticed an ancient lich
 63569 | Zot:5    | Killed an ancient lich
 63902 | Zot:5    | Noticed a seraph
 63919 | Zot:5    | Killed a seraph
 64194 | Zot:5    | Noticed Kother the pandemonium lord
 64194 | Zot:5    | Noticed Moaxek the pandemonium lord
 64194 | Zot:5    | Noticed an ancient lich
 64202 | Zot:4    | Killed Kother the pandemonium lord
 64204 | Zot:4    | Received a gift from Okawaru
 64512 | Zot:1    | Noticed Hecraikke the pandemonium lord
 64516 | Zot:1    | Killed Hecraikke the pandemonium lord
 64566 | Depths:5 | Noticed Lyry the pandemonium lord
 64674 | Depths:2 | Noticed Diaronn the pandemonium lord
 65114 | D:$      | Escaped with the Orb!

Vault maps used:
D:1:      dpeg_arrival_connections, minmay_misc_feat_tiny
D:2:      minmay_door_path, nemelex_xobeh_ov_fountains_minmay,
          old_standard_altar, st_stairs_6, uniq_robin
D:3:      lemuel_doored_altar, minmay_misc_feat_x, minmay_misc_feat_roman,
          uniq_grinder
D:4:      xom_butterflies, serial_shops, shop, kennysheep_generic_room_13
D:5:      kiku_gazebo_pond_becter, nicolae_dithmenos_through_a_glass_darkly,
          serial_shops, shop, nicolae_shop_stone, shop,
          nicolae_shop_overgrown_old_shop, first_bread, basic_altar
D:6:      nicolae_ru_awakened_eye, st_stairs_11, nrook_loot_triangle
D:7:      minmay_temple_entry_mist, serial_shops, nicolae_shop_statue_plus
D:8:      nicolae_ossuary_entry_ruins, uniq_maurice, uniq_grum, uniq_joseph,
          uniq_prince_ribbit1
D:9:      nicolae_gozag_cash_rules_everything_around_me, basic_altar,
          serial_shops, nicolae_shop_behind_doors, enter_bailey_1,
          nicolae_for_you_no_charge
D:10:     serial_shops, nicolae_shop_temple_entry_statues_fountains,
          nicolae_shop_stone, shop_fountains, shop, uniq_nergalle
D:11:     orc_0_dummy, basic_altar, grunt_tengu_nest, statue_in_the_mist_lemuel,
          st_stairs_13, fedhas_altar_decomposition, uniq_psyche
D:12:     uniq_kirke
D:13:     grunt_vaults_entry_fortified, serial_shops, shop, basic_altar,
          st_stairs_3, guppyfry_shop_earth
D:14:     hangedman_cross_cluster, nrook_mini_vaults
D:15:     hangedman_depths_entry_try_elsewhere_first, special_room
Lair:1:   lab_entry_generic, uniq_erica
Lair:2:   grunt_megastairs_3, infiniplex_staircase_pool, lemuel_fruit_fields,
          lemuel_fruit_tree
Lair:3:   nicolae_spider_entry_non_spiders, minivault_27,
          nicolae_quartered_pool_super, minivault_23,
          hangedman_lair_unloving_vines
Lair:4:   portal_ice_cave_entry_imps, enter_volcano_3, basic_altar,
          nicolae_quartered_pool_little, minivault_29, bh_autumn_forest_stairs
Lair:5:   minmay_shoals_entry_lonely_mermaid, minmay_hedge_maze
Lair:7:   slime_altar_1, minmay_stone_trees_small, lemuel_fruit_fields,
          infiniplex_staircase_pool_2, uniq_josephine, uniq_nessos
Lair:8:   grunt_lair_end_beastmaster, serial_bayou_shore_b
Shoals:1: nicolae_shoals_dead_sea_scrolls
Shoals:2: uniq_louise
Shoals:3: uniq_polyphemus
Shoals:4: shoals_end_simple, shoals_ilsuiw_alternative
Spider:1: uniq_aizul
Spider:2: special_room, nicolae_spider_nook
Spider:4: grunt_spider_rune_parallel, nicolae_orb_island
Orc:1:    guppyfry_orc_lava_fort
Orc:2:    pubby_orc_utopia
Elf:1:    serial_co_window_serial, co_window_corner_a, co_window_paths_b,
          co_window_cross_1, co_window_paths_b, co_window_corner_a,
          co_window_corner_a, co_window_corner_a, co_window_corner_b,
          co_window_of_opportunity_b, co_window_unsneaky_path_d,
          co_window_of_opportunity_b, co_window_cross_3, co_window_corner_b,
          co_window_paths_e, glass_columns_c
Elf:2:    serial_shops, nicolae_shop_waterfront
Elf:3:    elf_hall_gauntlet_wide, mu_enter_wizlab_5, minivault_28, uniq_nikola
Vaults:1: nicolae_vaults_angled_halls, v_misc_2, ontoclasm_vaults_echo,
          v_misc_5, hangedman_vaults_stagger, vaults_room_grunt_arrival_ludios,
          serial_ice_b, ontoclasm_vaults_pinch, nicolae_vaults_little_squares_6,
          nicolae_vaults_windows_and_doors_thing
Vaults:2: v_misc_16, nicolae_vaults_yaktaur_gun_rack, vaults_room_grid,
          vaults_room_door_hall, grunt_vaults_diagonal, hangedman_vaults_slice,
          v_pattern_1, vaults_room_stairs_pillars, uniq_sojobo, uniq_mara,
          uniq_jorgrun
Vaults:3: v_rooms_3, hangedman_vaults_nodes, v_misc_10, st_eye, v_rooms_1,
          nicolae_vaults_twisting_passages, minmay_crypt_entry_simple_walls,
          nicolae_vaults_little_squares_6, v_misc_31, vaults_room_door_ring,
          vaults_room_grid, stair_cage_open, ontoclasm_vaults_ligature,
          vaults_room_hallway, nicolae_vaults_little_squares_2
Vaults:4: vaults_room_pool, hangedman_vaults_stream, hangedman_vaults_locks,
          ontoclasm_vaults_chip, v_misc_16, nicolae_vaults_gold_heap,
          dpeg_vaults_monster_row, v_misc_12, v_rooms_4,
          nicolae_vaults_little_squares_4, serial_shops, shop, uniq_jory,
          uniq_saint_roka, uniq_wiglaf
Vaults:5: serial_shops, uniq_xtahua
Depths:1: serial_co_window_serial, co_window_paths_b, co_window_paths_a,
          co_window_paths_a, co_window_cross_1, co_window_paths_a,
          co_window_unsneaky_path_c, co_window_2corner, co_window_corner_ca,
          co_window_unsneaky_path_c, co_window_4corner_b, glass_columns_b,
          glass_columns_a, glass_columns_a, abyss_entry,
          pf_vacation_house_of_asmodeus
Depths:2: kennysheep_cluttered_fort, serial_shops, kennysheep_mini, hell_entry,
          minmay_misc_feat_five
Depths:3: lightli_tower_of_babel, ziggurat_fallback, glass_columns_a, pan_entry,
          grunt_hell_entry_dis_grunt, abyss_entry, minmay_splitting_lines
Depths:4: hangedman_pleasuredromes, hell_entry, abyss_entry, uniq_enchantress
Depths:5: grunt_zot_entry_funnels, minivault_14, hellmouth_1
Zot:2:    grunt_zot_stairs_overgrown
Zot:4:    st_large_dragon_hoard_3
Zot:5:    basic_altar
Abyss:1:  minivault_1
Lab:      labyrinth_spiral, nicolae_lab_x, labyrinth_glass_1,
          nicolae_lab_big_swirl, nicolae_lab_grate, nicolae_lab_t_cross,
          nicolae_lab_diamond
Ossuary:  ossuary_due_pyramid
Bailey:   bailey_polearm_1, bailey
WizLab:   wizlab_cigotuvi

Skill      XL: |  1  2  3  4  5  6  7  8  9 10 11 12 13 14 15 16 17 18 19 20 21 22 23 24 25 26 27 |
---------------+----------------------------------------------------------------------------------+-----
Shields        | 4 5 6 7 8 9 11 12 13 14 15 | 15.6
Fighting       | 4 5 6 7 8 10 11 12 13 14 15 16 17 18 19 20 21 22 25 | 25.4
Axes           | 3 4 5 6 7 8 9 10 11 12 13 14 15 17 18 19 20 23 | 23.6
Armour         | 4 5 6 7 9 10 11 12 13 14 15 16 17 18 19 20 21 25 | 25.3
Invocations    | 4 6 8 10 11 12 13 14 15 16 | 16.9
Dodging        | 3 5 7 10 11 12 | 12.6
Polearms       | 1 |  1.1
Crossbows      | 1 |  1.1
Throwing       | 1 |  1.8
Hexes          | 1 |  1.4
Charms         | 1 |  1.8
Translocations | 1 |  1.0
Fire Magic     | 1 |  1.8
Air Magic      | 1 |  1.0
Stealth        | 5 6 |  6.7
Evocations     | 5 9 11 16 | 16.6

Action                   |  1- 3 |  4- 6 |  7- 9 | 10-12 | 13-15 | 16-18 | 19-21 | 22-24 | 25-27 || total
-------------------------+-------+-------+-------+-------+-------+-------+-------+-------+-------++-------
Melee: War axe           |    95 |   167 |   418 |   876 |       |       |       |       |       ||  1556
       Kick              |       |       |    68 |   147 |   392 |   665 |   669 |       |       ||  1941
       Broad axe         |       |       |       |    57 |   875 |  1385 |  1277 |       |       ||  3594
       Executioner's axe |       |       |       |       |       |       |   178 |  1445 |  2065 ||  3688
Invok: Finesse           |       |       |       |     1 |     1 |     1 |     9 |    14 |    21 ||    47
       Heroism           |       |       |       |       |       |       |     2 |     5 |     6 ||    13
 Abil: Dig               |       |     1 |     1 |     6 |    10 |    24 |    23 |    44 |    10 ||   119
       Shaft Self        |       |       |     1 |       |       |       |       |       |       ||     1
Evoke: Wand              |       |       |       |       |       |     2 |     3 |     1 |    22 ||    28
       Deck              |       |       |       |       |       |       |     4 |     3 |       ||     7
  Use: Potion            |       |     3 |     6 |     4 |     3 |     4 |     6 |    18 |     7 ||    51
       Scroll            |       |       |    11 |    12 |     2 |     9 |     7 |     6 |    16 ||    63
 Stab: Sleeping          |       |       |     2 |       |       |       |       |       |       ||     2
       Petrified         |       |       |       |       |       |     9 |     1 |       |       ||    10
       Petrifying        |       |       |       |       |       |     2 |     2 |       |       ||     4
       Distracted        |       |       |       |       |       |       |       |     2 |     3 ||     5
  Eat: Chunk             |       |     5 |    23 |    25 |     3 |     4 |    52 |    51 |    25 ||   188
       Pizza             |       |     1 |       |       |       |       |       |     1 |     4 ||     6
       Bread ration      |       |       |     1 |     3 |     6 |     5 |       |     4 |     2 ||    21
       Meat ration       |       |       |       |       |       |     3 |     7 |     1 |     9 ||    20
       Fruit             |       |       |       |       |       |       |     3 |    15 |       ||    18
       Beef jerky        |       |       |       |       |       |       |       |     7 |     2 ||     9
       Royal jelly       |       |       |       |       |       |       |       |       |     1 ||     1
Armor: Scale mail        |     6 |       |       |       |       |       |       |       |       ||     6
       Leather armour    |    30 |    58 |    85 |       |       |       |       |       |       ||   173
       Skin              |       |     9 |       |       |       |       |       |       |       ||     9
       Plate armour      |       |       |    35 |   472 |       |       |       |       |       ||   507
       Crystal plate arm |       |       |       |    22 |   427 |   640 |   680 |   681 |   949 ||  3399
Dodge: Dodged            |    41 |    70 |   119 |   243 |   137 |   371 |   349 |   441 |   677 ||  2448
Block: Shield            |    76 |    98 |   296 |   879 |   488 |       |       |       |       ||  1837
       Large shield      |       |       |       |       |   254 |  1744 |  1522 |  1503 |  1857 ||  6880
       Reflection        |       |       |       |       |       |    10 |    77 |    65 |       ||   152
